 Dungeon Crawl Stone Soup version 0.28.0-45-g0d030f2227 (webtiles) character file.

Game seed: 8768404027481788265

185 seaoflcl the Shield-Bearer (level 5, -6/41 HPs)
             Began as a Human Fighter on Apr 12, 2022.
             Was a Follower of the Shining One.
             Mangled by an ogre
             ... wielding a +0 giant club
              (17 damage)
             ... on level 4 of the Dungeon.
             The game lasted 00:04:11 (2612 turns).

seaoflcl the Shield-Bearer (Human Fighter)          Turns: 2612, Time: 00:04:12

Health: -6/41      AC: 14    Str: 18    XL:     5   Next: 96%
Magic:  5/5        EV:  9    Int:  8    God:    the Shining One [*.....]
Gold:   177        SH:  5    Dex: 13    Spells: 4/4 levels left

rFire   . . .      SeeInvis .   a - +0 long sword
rCold   . . .      Faith    .   c - +0 buckler
rNeg    . . .      Spirit   .   b - +0 scale mail
rPois   .          Reflect  .   r - +2 hat
rElec   .          Harm     .   q - +0 cloak
rCorr   .          Rampage  .   (no gloves)
Will    .....                   (no boots)
Stlth   ..........              (no amulet)
HPRegen 0.13/turn               i - +4 ring of protection
MPRegen 0.09/turn               (no ring)

@: mighty, glowing
A: no striking features
a: Renounce Religion, Divine Shield


You were on level 4 of the Dungeon.
You worshipped the Shining One.
The Shining One was aware of your devotion.
You visited 1 branch of the dungeon, and saw 4 of its levels.

You collected 177 gold pieces.

Inventory:

Hand Weapons
 a - a +0 long sword (weapon)
 k - a +0 hunting sling
 p - a +0 mace of draining
Armour
 b - a +0 scale mail (worn)
 c - a +0 buckler (worn)
 q - a +0 cloak (worn)
 r - a +2 hat (worn)
Magical Staves
 n - a staff of fire
Jewellery
 i - a +4 ring of protection (left hand)
 l - a ring of flight
Wands
 m - a wand of flame (15)
 o - a wand of charming (10)
Scrolls
 e - 2 scrolls of vulnerability {unknown}
 f - a scroll of fog
 s - a scroll of magic mapping {unknown}
Potions
 g - 2 potions of lignification
 h - a potion of haste
 j - 2 potions of flight


   Skills:
 + Level 3.5 Fighting
 + Level 3.3 Long Blades
 + Level 1.3 Maces & Flails
 + Level 3.5 Armour
 + Level 1.2 Dodging
 + Level 0.2 Stealth
 + Level 4.0 Shields


You had 4 spell levels left.
You didn't know any spells.
Your spell library was empty.

Dungeon Overview and Level Annotations

Branches:
Dungeon (4/15)
 Temple: D:4-7

Altars:
Sif Muna
Uskayaw
The Shining One


Message History

The Shining One accepts your kill.
Your Shields skill increases to level 4!
No target in view!
No target in view!
No target in view!
No target in view!
No target in view!
No target in view!
No target in view!
No target in view!
No target in view!
A giant cockroach comes into view.
A giant cockroach is nearby!
You block the giant cockroach's attack.
You hit the giant cockroach.
You kill the giant cockroach!
No target in view!
No target in view!
No target in view!
No target in view!
No target in view!
No target in view!
No target in view!
No target in view!
An ogre comes into view. It is wielding a +0 giant club.
You and your allies can now gain power from killing the unholy and evil.
You can now call upon the Shining One for a divine shield.
An ogre is nearby!
You slash the ogre!
The ogre is heavily wounded.
The ogre hits you with a +0 giant club.
You completely miss the ogre.
The ogre is heavily wounded.
The ogre hits you with a +0 giant club!!
Ouch! That really hurt!
* * * LOW HITPOINT WARNING * * *
You are too injured to fight recklessly!
You feel very mighty all of a sudden. The ogre hits you with a +0 giant club!
You die...

.. ....# #.###...## #.
.... #............
#####... #.#.#...##..#
#...... ....... #..#
#.#... . #.#.#..# #..#
#.#..# ..# ......<###..#
#.#..#...#
#.#.#.......###.#O.....#
#.............@..#
#.............#.......
#.##+#+#.##...##.#....
#. #.##...# .# ... #
#.##......... .
.............
.............
..........###..#
..........# .


You could see an ogre.

Vanquished Creatures
  A crimson imp (D:3)
  Crazy Yiuf (D:2)
  A centaur skeleton (D:4)
  5 adders
  An adder skeleton (D:4)
  A dart slug (D:1)
  An orc (D:3)
  3 endoplasms
  A giant cockroach (D:4)
  2 goblins
  6 hobgoblins
  3 kobolds
  2 quokkas
  8 bats
  4 frilled lizards
  A goblin skeleton (D:3)
  A hobgoblin zombie (D:3)
  A kobold skeleton (D:3)
  A kobold zombie (D:3)
  4 rats (D:3)
48 creatures vanquished.

Notes
Turn   | Place    | Note
-------+----------+-------------------------------------------
     0 | D:1      | seaoflcl the Human Fighter began the quest for the Orb.
     0 | D:1      | Reached XP level 1. HP: 18/18 MP: 1/1
   187 | D:1      | Reached XP level 2. HP: 23/24 MP: 2/2
   704 | D:1      | You fall into a shaft and drop 1 floor!
   728 | D:2      | Reached XP level 3. HP: 27/29 MP: 3/3
   802 | D:2      | Found a faded altar of an unknown god.
  1408 | D:2      | Found a runed translucent door.
  1409 | D:2      | Noticed Crazy Yiuf
  1562 | D:2      | Killed Crazy Yiuf
  1563 | D:2      | Reached skill level 1 in Dodging
  1563 | D:2      | Reached XP level 4. HP: 28/35 MP: 4/4
  1691 | D:3      | Found a shimmering blue altar of Sif Muna.
  1791 | D:3      | Found a glowing golden altar of the Shining One.
  1881 | D:3      | Became a worshipper of the Shining One
  1893 | D:3      | Reached XP level 5. HP: 34/41 MP: 5/5
  2032 | D:3      | Reached skill level 1 in Maces & Flails
  2164 | D:3      | Found a hide-covered altar of Uskayaw.
  2164 | D:3      | Noticed a +0 dagger
  2164 | D:3      | Noticed a +0 short sword
  2165 | D:3      | Noticed a +0 spear
  2167 | D:3      | Noticed a +0 short sword
  2167 | D:3      | Noticed a +0 spear
  2167 | D:3      | Noticed a +0 falchion
  2167 | D:3      | Noticed a +0 dagger
  2168 | D:3      | Noticed a +0 falchion
  2570 | D:4      | Reached skill level 4 in Shields
  2606 | D:4      | Noticed an ogre
  2606 | D:4      | Reached * piety under the Shining One
  2612 | D:4      | Mangled by an ogre

Illustrated notes

Levels and vault maps discovered:
D:1:      lemuel_arrival_muddy, layout_basic
D:2:      layout_loops_ring, basic_ecumenical_altar, uniq_crazy_yiuf_cottage
D:3:      layout_rooms, nicolae_tso_besieged_by_evil, nicolae_uskayaw_en_pointe,
          nicolae_overflow_crystal_walls, hangedman_feature_mirror,
          st_stairs_12, kennysheep_cross_room, wad_rectangle_vault
D:4:      layout_basic

Skill      XL: |  1  2  3  4  5 |
---------------+----------------+-----
Dodging        | 1 |  1.2
Long Blades    | 3 |  3.3
Maces & Flails | 1 |  1.3
Shields        | 4 |  4.0
Fighting       | |  3.5
Armour         | |  3.5
Stealth        | |  0.2

Action                   |  1- 3 |  4- 6 || total
-------------------------+-------+-------++-------
Melee: Long sword        |    81 |    72 ||   153
       Mace              |     3 |    48 ||    51
  Use: Scroll            |       |     4 ||     4
       Potion            |       |     1 ||     1
Armor: Scale mail        |    73 |    94 ||   167
Dodge: Dodged            |    39 |    60 ||    99
Block: Buckler           |    27 |    33 ||    60
